 Dungeon Crawl Stone Soup version bcrawl-1.40.3b (webtiles) character file.

Game seed: 9277113741187982187

146226 petercordia3 the Sneak (level 5, -2/57 HPs)
             Began as a Formicid Archaeologist on Feb 24, 2024.
             Slain by Terence
             ... wielding a +6 falchion of protection
              (4 damage)
             ... on level 3 of the Dungeon.
             The game lasted 00:04:20 (1866 turns).

petercordia3 the Sneak (Formicid Archaeologist)     Turns: 1866, Time: 00:04:20

Health: -2/57      AC: 22    Str: 17    XL:     5   Next: 13%
Magic:  5/5        EV:  1    Int: 13    God:
Gold:   163        SH: 13    Dex: 14    Spells: 4/4 levels left

rFire    . . .     GDR:     47% r - +0 flail
rCold    . . .     SeeInvis .   g - +2 large shield {rPois}
rNeg     + + +     Gourm    .   (armour currently unavailable)
rPois    +         Faith    .   (helmet unavailable)
rElec    .         Spirit   .   (cloak currently unavailable)
rCorr    .         Reflect  .   (gloves currently unavailable)
MR       .....                  (boots currently unavailable)
Stlth    ++++......             (no amulet)
HPRegen  0.19/turn              (no ring)
MPRegen  0.09/turn              (no ring)

@: agile, tree-form
A: giant, permanent stasis, dig shafts and tunnels, four strong arms
a: no special abilities


You were on level 3 of the Dungeon.
You were hungry.
You were a tree.
You visited 1 branch of the dungeon, and saw 3 of its levels.

You collected 163 gold pieces.

Inventory:

Hand Weapons
 a - a +0 whip
 b - a +0 blowgun
 r - a +0 flail (weapon)
Missiles
 h - 6 curare-tipped needles
 k - 767 stones (quivered)
 m - 193 bolts
 q - 171 arrows
Armour
 c - a +1 robe (melded)
 d - a +1 pair of boots (melded)
 g - a +2 large shield of poison resistance (worn)
 s - a +2 pair of gloves (melded)
Scrolls
 f - 2 scrolls of revelation
 i - 4 scrolls of identify
 l - 4 scrolls of remove curse {unknown}
 n - a scroll of teleportation {unknown}
 p - a scroll of blinking {unknown}
Potions
 j - a potion of agility
Comestibles
 e - 4 rations {!d}
 o - 2 chunks of flesh


   Skills:
 + Level 2.2 Fighting
 + Level 3.1 Maces & Flails
 + Level 3.6 Dodging
 - Level 4.0 Stealth


You had 4 spell levels left.
You didn't know any spells.
Your spell library was empty.

Dungeon Overview and Level Annotations

Branches:
Dungeon (3/12)

Altars:

Annotations:
D:3 Terence


Innate Abilities, Weirdness & Mutations

You cannot be hasted, slowed, berserked, paralysed or teleported.
You can dig through walls and to a lower floor.
Your four strong arms can wield two-handed weapons with a shield.
((You have a pair of large antennae on your head. (SInv)))


Message History

Your shield prevents you from hitting Terence.
Terence is lightly wounded.
You block Terence's attack. Terence hits you but does no damage.
You hit Terence but do no damage.
Terence is lightly wounded.
Terence hits you but does no damage.
You hit Terence but do no damage.
Terence is lightly wounded.
You block Terence's attack. x2
Your shield prevents you from hitting Terence.
Terence is lightly wounded.
Terence hits you but does no damage.
You barely miss Terence.
Terence is lightly wounded.
Terence hits you but does no damage.
You hit Terence but do no damage.
Terence is lightly wounded.
You block Terence's attack.
Terence hits you with a +6 falchion of protection.
You die...

....#..## #.#####
..<.....######.........
....>##...##..........##
..................>....#
##.......#.)............
#......................
##......................
......<...............<.
.........#......♣@......
##............$........#
.........###............
.#.......# ######.......
#........# ......<
..######## #...... .##
## ###### .####....
#.....#.#


You could see Terence.

Vanquished Creatures
  5 gnolls (D:2)
  2 adders (D:3)
  A worm (D:1)
  A leopard gecko (D:2)
  3 ball pythons
  A giant cockroach (D:1)
  3 goblins
  5 hobgoblins
  2 jackals (D:1)
  3 bats
  4 frilled lizards
  6 kobolds
  9 rats
45 creatures vanquished.

Notes
Turn   | Place    | Note
-------+----------+-------------------------------------------
     0 | D:1      | petercordia3 the Formicid Archaeologist began the quest for
                  | the Orb.
     0 | D:1      | Reached XP level 1. HP: 15/15 MP: 1/1
   197 | D:1      | Reached XP level 2. HP: 20/21 MP: 2/2
   564 | D:1      | Reached XP level 3. HP: 19/26 MP: 3/3
  1293 | D:2      | Reached XP level 4. HP: 11/33 MP: 4/4
  1642 | D:3      | Noticed Terence
  1723 | D:3      | Reached XP level 5. HP: 28/38 MP: 5/5
  1723 | D:3      | Identified a scroll of acquirement
  1728 | D:3      | Identified the amulet of Geodaom {Spirit rPois Stlth+} (You
                  | acquired it on level 3 of the Dungeon)
  1850 | D:3      | HP: 1/38 [Terence/+6 falchion of protection (11)]
  1860 | D:3      | HP: 1/57 [Terence/+6 falchion of protection (4)]
  1866 | D:3      | Slain by Terence

Skill      XL: |  1  2  3  4 |
---------------+-------------+-----
Dodging        | 3 |  3.6
Maces & Flails | 2 3 |  3.1
Fighting       | 2 |  2.2
Stealth        | |  4.0

Action                   |  1- 3 |  4- 6 || total
-------------------------+-------+-------++-------
Melee: Whip              |   138 |    54 ||   192
       Flail             |       |    27 ||    27
 Abil: Dig               |     2 |     3 ||     5
  Use: Potion            |       |     2 ||     2
       Scroll            |       |     1 ||     1
 Stab: Sleeping          |     7 |     4 ||    11
  Eat: Chunk             |     5 |     4 ||     9
Armor: Robe              |    49 |    15 ||    64
       Skin              |       |     8 ||     8
Dodge: Dodged            |    86 |    35 ||   121
Block: Large shield      |       |    23 ||    23
